 Dungeon Crawl Stone Soup version 0.28.0-53-g5a82cb258f (webtiles) character file.

Game seed: 11945516713781639283

81 Zeld the Conjurer (level 4, -3/33 HPs)
             Began as a Draconian Conjurer on June 10, 2022.
             Killed from afar by Sigmund (4 damage)
             ... with a magic dart
             ... on level 2 of the Dungeon.
             The game lasted 00:04:14 (3098 turns).

Zeld the Conjurer (Draconian Conjurer)              Turns: 3098, Time: 00:04:15

Health: -3/33      AC:  5    Str:  9    XL:     4   Next: 19%
Magic:  3/7        EV: 12    Int: 21    God:
Gold:   100        SH:  0    Dex:  9    Spells: 5/8 levels left

rFire   . . .      SeeInvis .   (no weapon)
rCold   . . .      Faith    .   (no shield)
rNeg    . . .      Spirit   .   (armour unavailable)
rPois   .          Reflect  .   (helmet restricted)
rElec   .          Harm     .   (no cloak)
rCorr   .          Rampage  .   (no gloves)
Will    .....                   (no boots)
Stlth   ++........              (no amulet)
HPRegen 0.11/turn               (no ring)
MPRegen 0.10/turn               (no ring)

@: no status effects
A: AC +5, unfitting armour, cold-blooded
a: no special abilities


You were on level 2 of the Dungeon.
You visited 1 branch of the dungeon, and saw 3 of its levels.

You collected 100 gold pieces.

Inventory:

Scrolls
 a - a scroll of vulnerability {unknown}
 c - 2 scrolls of identify {unknown}
 d - a scroll of noise {unknown}
 f - a scroll of acquirement {unknown}
 h - a scroll of silence {unknown}
 i - a scroll of fog {unknown}
Potions
 b - a potion of flight {unknown}
 e - 3 potions of cancellation {unknown}
 g - a potion of curing {unknown}
 j - a potion of mutation {unknown}


   Skills:
 - Level 1.7 Dodging
 - Level 1.7 Stealth
 + Level 2.5 Spellcasting
 + Level 4.2 Conjurations
 * Level 1.9 Hexes
 - Level 2.0 Translocations


You had 5 spell levels left.
You knew the following spells:

 Your Spells              Type           Power      Damage    Failure   Level
a - Magic Dart            Conj           80%        1d7       2%          1
b - Searing Ray           Conj           40%        2d5       3%          2

Your spell library contained the following spells:

 Spells                   Type           Power      Damage    Failure   Level
 Dazzling Flash           Conj/Hex       30%        N/A       12%         3
 Call Imp                 Summ           2%         N/A       22%         2
 Sublimation of Blood     Necr           2%         N/A       22%         2
 Mephitic Cloud           Conj/Pois/Air  8%         N/A       24%         3
 Fulminant Prism          Conj/Hex       7%         3d7       36%         4
 Iskenderun's Mystic Bla  Conj/Tloc      15%        2d5       36%         4
 Ozocubu's Armour         Ice            2%         N/A       38%         3
 Airstrike                Air            1%         N/A       80%         4
 Petrify                  Tmut/Erth      2%         N/A       80%         4
 Summon Lightning Spire   Summ/Air       2%         N/A       80%         4
 Irradiate                Conj/Tmut      5%         3d15      85%         5
 Lightning Bolt           Conj/Air       5%         1d17      85%         5
 Metabolic Englaciation   Hex/Ice        3%         N/A       95%         5
 Simulacrum               Ice/Necr       1%         N/A       100%        6


Dungeon Overview and Level Annotations

Branches:
Dungeon (3/15)

Altars:

Annotations:
D:2 Sigmund


Innate Abilities, Weirdness & Mutations

Your plain brown scales are hard. (AC +5)
You cannot fit into any form of body armour.
You are cold-blooded and may be slowed by cold attacks.


Message History

Sigmund casts a spell at you.
The magic dart hits you but does no damage.
Unknown command.
Casting: Searing Ray (safe; 3% risk of failure)
Confirm with . or Enter, or press ? or * to list all spells.
Aiming: Searing Ray (safe; 3% risk of failure)
Press: ? - help, Shift-Dir - straight line, f/p - Sigmund
Aim: Sigmund, wielding a +0 scythe and wearing a +0 robe (severely wounded, 75% to hit)
Okay, then.
Casting: Searing Ray (safe; 3% risk of failure)
Confirm with . or Enter, or press ? or * to list all spells.
Aiming: Magic Dart (safe; 2% risk of failure)
Press: ? - help, Shift-Dir - straight line, f/p - Sigmund
Aim: Sigmund, wielding a +0 scythe and wearing a +0 robe (severely wounded, 100% to hit)
The magic dart hits Sigmund.
Sigmund is almost dead.
Sigmund casts a spell at you.
You are confused.
You're too confused to cast spells.
Sorry, you're not good enough to have a special ability.
Unknown command.
You're too confused to move!
Sigmund closely misses you.
You bump into the rock wall.
Sigmund points at you and mumbles some strange words.
You are more confused.
Sigmund casts a spell.
Sigmund flickers and vanishes!
Deactivating autopickup; reactivate with Ctrl-A.
You hear some strange, mumbled words.
Something tries to affect you, but you resist.
Something hits you but does no damage. Something hits you.
You feel less confused. Something hits you. Something hits you!
* * * LOW HITPOINT WARNING * * *
There is an escape hatch in the ceiling here.
A magic dart appears from out of thin air!
The magic dart hits you.
You die...

######### #######...(...#
.........#.##.#
########.#.##.###################
.........#.#....@................
.#########'#.{..#..#############.
.# #.....####.###.........#. .#
#.....>................'. .#
#.....รท###)###.###.....#. .#
#...##.# #.# #.###.#####. .#
#...+..###.###.##........ .#
#...#####..)...#..####### .#
#...# #..###....#..###.


There were no monsters in sight!

Vanquished Creatures
  Robin (D:2)
  2 adders (D:2)
  4 ball pythons
  5 bats
  4 endoplasms
  A giant cockroach (D:2)
  3 goblins (D:2)
  12 hobgoblins
  3 quokkas
  5 frilled lizards
  4 kobolds
  4 rats
48 creatures vanquished.

Notes
Turn   | Place    | Note
-------+----------+-------------------------------------------
     0 | D:1      | Zeld the Draconian Conjurer began the quest for the Orb.
     0 | D:1      | Reached XP level 1. HP: 14/14 MP: 3/3
   607 | D:1      | Reached XP level 2. HP: 20/20 MP: 1/5
   611 | D:1      | Found a faded altar of an unknown god.
   662 | D:1      | Reached skill level 1 in Translocations
   871 | D:1      | Reached skill level 1 in Hexes
  1241 | D:2      | Reached XP level 3. HP: 26/26 MP: 2/6
  1343 | D:2      | Learned a level 2 spell: Searing Ray
  1744 | D:2      | Noticed Robin
  1851 | D:2      | Killed Robin
  2344 | D:2      | Reached XP level 4. HP: 29/33 MP: 0/7
  2601 | D:3      | Noticed Sigmund
  3095 | D:2      | HP: 1/33 [something (10)]
  3098 | D:2      | Killed from afar by Sigmund

Illustrated notes

Levels and vault maps discovered:
D:1:      lightli_arrival_farm, layout_basic, basic_ecumenical_altar
D:2:      minmay_razor_zed, layout_basic, uniq_robin
D:3:      layout_loops_cross, serial_shops, shop, uniq_sigmund

Skill      XL: |  1  2  3  4 |
---------------+-------------+-----
Translocations | 1 2 |  2.0
Hexes          | 1 |  1.9
Dodging        | |  1.7
Stealth        | |  1.7
Spellcasting   | |  2.5
Conjurations   | |  4.2

Action                   |  1- 3 |  4- 6 || total
-------------------------+-------+-------++-------
Melee: Unarmed           |    54 |       ||    54
       Tailslap          |     5 |       ||     5
 Cast: Magic Dart        |    67 |    12 ||    79
       Searing Ray       |     5 |     3 ||     8
 Stab: Sleeping          |     1 |       ||     1
Armor: Skin              |    34 |     2 ||    36
Dodge: Dodged            |    65 |     7 ||    72
